 Dungeon Crawl Stone Soup version 0.30.0-10-gfe55d96785 (webtiles) character file.

Game seed: 6374700887070317720

239 sasquatch the Slasher (level 6, -2/44 HPs)
             Began as a Merfolk Brigand on May 12, 2023.
             Slain by an orc priest
             ... wielding a +0 war axe
              (9 damage)
             ... on level 4 of the Dungeon on May 13, 2023.
             The game lasted 00:05:51 (2782 turns).

sasquatch the Slasher (Merfolk Brigand)             Turns: 2782, Time: 00:05:51

Health: -2/44      AC:  4    Str: 11    XL:     6   Next: 7%
Magic:  6/6        EV: 13    Int: 11    God:
Gold:   155        SH:  0    Dex: 17    Spells: 5/5 levels left

rFire   . . .        t - +0 short sword (venom)
rCold   . . .        (no shield)
rNeg    + . .        h - +0 leather armour
rPois   .            s - +0 helmet
rElec   .            c - +0 cloak
rCorr   .            u - +0 pair of gloves
SInv    .            v - +1 pair of boots
Will    .....        (no amulet)
Stlth   +++          l - ring of positive energy
HPRegen 0.27/turn    (no ring)
MPRegen 0.10/turn

%: no passive effects
@: mighty, corroded
A: (nimble swimmer 2), mertail
a: no special abilities


You were on level 4 of the Dungeon.
You visited 1 branch of the dungeon, and saw 4 of its levels.

You collected 155 gold pieces.

Inventory:

Hand Weapons
 a - a +2 dagger
 n - a +0 rapier
 t - a +0 short sword of venom (weapon)
Missiles
 d - 15 poisoned darts (quivered)
 e - 3 curare-tipped darts
Armour
 c - a +0 cloak (worn)
 h - a +0 leather armour (worn)
 s - a +0 helmet (worn)
 u - a +0 pair of gloves (worn)
 v - a +1 pair of boots (worn)
Jewellery
 l - a ring of positive energy (left hand)
Scrolls
 f - a scroll of summoning {unknown}
 i - a scroll of vulnerability {unknown}
 j - 5 scrolls of identify
 k - a scroll of blinking {unknown}
 m - a scroll of immolation {unknown}
Potions
 b - a potion of magic {unknown}
 g - a potion of might
 o - a potion of mutation {unknown}
 p - a potion of berserk rage {unknown}
 q - a potion of brilliance {unknown}
 r - a potion of flight {unknown}


   Skills:
 - Level 2.1 Fighting
 - Level 2.4(4.3) Short Blades
 * Level 5.5(5.8) Long Blades
 - Level 2.0 Throwing
 + Level 4.5 Dodging
 - Level 4.3 Stealth


You had 5 spell levels left.
You didn't know any spells.
Your spell library contained the following spells:

 Spells                   Type           Power      Damage    Failure   Level
 Dazzling Flash           Conj/Hex       0%         N/A       80%         3
 Agony                    Necr           0%         N/A       100%        5
 Silence                  Hex/Air        0%         N/A       100%        5


Dungeon Overview and Level Annotations

Branches:
Dungeon (4/15)
 Temple: D:4-7

Altars:
Sif Muna
Wu Jian
The Shining One


Innate Abilities, Weirdness & Mutations

((You are very nimble when in or above water. (Stealth+, EV+, Speed+++)))
Your lower body shifts to a powerful aquatic tail in water.


Message History

You closely miss the orc priest.
The orc priest is severely wounded.
You kill the orc priest!
You have reached level 6!
Found 17 gold pieces.
Found a marble ring.
An orc comes into view.
It is wielding a +0 hand axe of electrocution and carrying a wand of acid (8).
You can't go up here!
The orc zaps a wand.
The bolt of acid hits you! The acid corrodes you!
You barely miss the orc. The orc barely misses you.
You hit the orc priest.
The orc priest is lightly wounded.
The orc priest hits you with a +0 war axe.
The orc closely misses you.
You completely miss the orc.
The orc priest hits you with a +0 war axe!
The orc hits you with a +0 hand axe of electrocution.
You hit the orc but do no damage.
The orc is poisoned.
The orc priest hits you with a +0 war axe.
The orc closely misses you.
Unknown command.
Okay, then.
As you read the scroll labelled WEFRATU SOSEOPP, it crumbles to dust.
It is a scroll of identify.
g - 2 potions of might The orc priest hits you with a +0 war axe!
* * * LOW HITPOINT WARNING * * *
The orc hits you but does no damage.
You feel very mighty all of a sudden. The orc priest misses you.
The orc misses you.
You hit the orc.
The orc looks as sick as possible!
The orc is almost dead.
You kill the orc!
You barely miss the orc priest.
The orc priest is lightly wounded.
The orc priest hits you but does no damage.
You hit the orc priest but do no damage.
The orc priest is lightly wounded.
The orc priest hits you with a +0 war axe!
You die...

#. #= ##. #..
#$.##### #..<...
#....### #...@).#
#..#.o.#.##.
######..#.)......#
.........)###.####
.................
..........#.#....P
......>...#.# ...
..........# # .
..........#


You could see an orc priest.

Vanquished Creatures
  A bullfrog (D:3)
  An orc priest (D:4)
  An iguana (D:4)
  5 adders
  4 dart slugs
  3 orcs (D:4)
  6 endoplasms
  2 giant cockroaches
  4 goblins
  3 hobgoblins
  7 kobolds
  4 quokkas
  9 ball pythons
  4 bats
  4 frilled lizards
  7 rats
65 creatures vanquished.

Notes
Turn   | Place    | Note
-------+----------+-------------------------------------------
     0 | D:1      | sasquatch the Merfolk Brigand began the quest for the Orb.
     0 | D:1      | Reached XP level 1. HP: 16/16 MP: 1/1
    29 | D:1      | Reached skill level 1 in Long Blades
   154 | D:1      | Reached XP level 2. HP: 19/22 MP: 2/2
   195 | D:1      | Reached skill level 2 in Long Blades
   359 | D:1      | Found a faded altar of an unknown god.
   646 | D:1      | Reached XP level 3. HP: 27/27 MP: 3/3
  1080 | D:2      | Reached skill level 3 in Long Blades
  1559 | D:3      | Noticed a bullfrog
  1561 | D:3      | Killed a bullfrog
  1562 | D:3      | Reached skill level 4 in Long Blades
  1562 | D:3      | Reached XP level 4. HP: 33/33 MP: 4/4
  1567 | D:3      | Reached XP level 5. HP: 38/38 MP: 5/5
  1822 | D:3      | Upgraded the game from 0.30.0-5-g1a98f26d00 to
                  | 0.30.0-10-gfe55d96785
  1963 | D:3      | Found an ornate altar of the Wu Jian Council.
  2010 | D:3      | Found a shimmering blue altar of Sif Muna.
  2085 | D:3      | Found a glowing golden altar of the Shining One.
  2653 | D:4      | Reached skill level 5 in Long Blades
  2768 | D:4      | Reached XP level 6. HP: 44/44 MP: 6/6
  2782 | D:4      | Slain by an orc priest

Illustrated notes

Levels and vault maps discovered:
D:1:      dpeg_arrival_round_c, layout_basic, dilly_ecumenical_altar_fadedgnrine
D:2:      layout_loops_ring, due_unseen_surprise
D:3:      layout_loops_ring, nicolae_overflow_hidden_temple,
          nicolae_sif_muna_condensation, mainiacjoe_overflow_alcove_4,
          minmay_quadrilaterals
D:4:      layout_basic, mainiacjoe_overflow_boulevard

Skill      XL: |  1  2  3  4  5 |
---------------+----------------+-----
Long Blades    | 1 2 4 5 |  5.5
Dodging        | 2 3 4 |  4.5
Fighting       | |  2.1
Short Blades   | |  2.4
Throwing       | |  2.0
Stealth        | |  4.3

Action                     |  1- 3 |  4- 6 || total
---------------------------+-------+-------++-------
  Melee: Dagger            |    89 |    42 ||   131
         Short sword       |       |    66 ||    66
         Punch             |       |     1 ||     1
    Use: Scroll            |       |     1 ||     1
         Potion            |       |     1 ||     1
   Stab: Sleeping          |     6 |     6 ||    12
         Distracted        |       |     1 ||     1
 Armour: Robe              |    28 |    21 ||    49
         Leather armour    |       |     6 ||     6
  Dodge: Dodged            |    52 |    51 ||   103
